Map: Inside and Out

Players

supersalad - Winner!

  • Race: Zerg Zerg
  • Spawn Location: 1:00

VOD

Have the link to the VOD?

Description

Time

  • Played on: July 25, 2022, 4:09 p.m.
  • Length: 20:52
Show
View Real Time Build Order
Export as new Build Order

supersalad Zerg - Winner!

Build Orders:  

Get SALT Encoding   

  12  0:06  Drone  
  13  0:32  Drone  
  13  0:37  Overlord  
  14  1:15  Hatchery  
  13  1:23  Spawning Pool  
  13  1:29  Drone  
  13  1:32  Drone  
  14  1:54  Drone  
  14  1:55  Drone  
  16  2:27  Drone x2  
  18  2:49  Queen  
  20  3:03  Zergling x2  
  21  3:11  Queen  
  21  3:16  Overlord  
  23  3:36  Extractor  
  22  4:22  Roach Warren  
  22  4:25  Drone x2  
  22  4:27  Queen  
  25  4:40  Queen  
  27  5:08  Drone  
  27  5:09  Drone x2  
  30  5:20  Drone x2  
  30  5:28  Hatchery  
  31  5:36  Drone  
  32  5:43  Drone  
  32  5:44  Drone  
  34  6:02  Drone x2  
  34  6:08  Extractor  
  35  6:12  Drone  
  35  6:17  Overlord  
  35  6:32  Overlord  
  35  6:55  Drone x2  
  37  7:05  Queen  
  39  7:22  Lair  
  39  7:31  Drone x2  
  41  8:01  Drone x2  
  41  8:02  Drone  
  44  8:16  Roach  
  44  8:17  Roach x2  
  50  8:49  Evolution Chamber  
  49  8:52  Drone  
  49  8:53  Drone x2  
  49  8:56  Extractor  
  51  9:05  Glial Reconstitution  
  51  9:41  Hatchery  
  51  9:42  Zergling x4  
  51  9:43  Zergling x2  
  51  9:45  Zergling x6  
  60  9:50  Drone x2  
  56  9:53  Overlord x3  
  58  10:28  Metabolic Boost  
  58  10:38  Pneumatized Carapace  
  58  10:46  Overseer  
  58  10:49  Drone x3  
  61  10:54  Extractor  
  60  11:02  Drone x3  
  63  12:12  Roach x2  
  63  12:13  Roach  
  63  12:14  Roach  
  63  12:15  Roach x2  
  75  12:20  Extractor  
  75  12:25  Zerg Missile Weapons Level 1  
  75  12:28  Drone x2  
  75  12:29  Drone  
  77  12:34  Roach  
  79  12:55  Spire  
  78  13:07  Spore Crawler  
  77  13:28  Drone  
  77  13:29  Drone x2, Infestation Pit  
  79  13:35  Roach x3  
  87  14:04  Unknown  
  84  14:14  Zergling x4  
  84  14:21  Extractor  
  84  14:23  Drone x2  
  84  14:24  Drone  
  84  14:26  Extractor  
  84  14:29  Roach  
  87  14:41  Extractor  
  87  14:44  Drone  
  87  14:45  Drone  
  88  15:13  Hive  
  88  15:31  Overlord x3  
  85  16:04  Roach x3  
  92  16:23  Zerg Missile Weapons Level 2  
  92  16:43  Spawning Pool  
  91  16:56  Tunneling Claws  
  91  17:06  Zergling x2  
  91  17:07  Zergling x4  
  91  17:09  Zergling x6  
  97  17:11  Roach x2  
  97  17:12  Roach  
  101  18:14  Adrenal Overload  
  101  18:48  Hatchery  
  100  18:56  Zergling x6  
  100  18:58  Zergling x6  
  106  19:20  Unknown  
Tags
 
Add a new tag
Caveats
  • Supply blocks, unpowered buildings, or Contaminate may cause inaccurate times.
  • Supply counts are checked every 10 seconds.